 Dungeon Crawl Stone Soup version 0.32-a0-576-g706899e69d (webtiles) character file.

Game seed: 16743226329491435938

108 BeKind the Trooper (level 4, 0/33 HPs)
             Began as an Octopode Fighter on Mar 1, 2024.
             Slain by a goblin
             ... wielding a +0 club
             ... led by Robin
              (3 damage)
             ... on level 2 of the Dungeon.
             The game lasted 00:01:15 (1134 turns).

BeKind the Trooper (Octopode Fighter)               Turns: 1134, Time: 00:01:16

Health: 0/33       AC:  1    Str: 17    XL:     4   Next: 87%
Magic:  0/4        EV: 13    Int: 10    God:
Gold:   83         SH:  4    Dex: 11    Spells: 3/3 levels left

rFire   . . .        a - +0 trident
rCold   . . .        b - +0 buckler
rNeg    . . .        (helmet restricted)
rPois   .            d - amulet of guardian spirit
rElec   .            (no ring)
rCorr   .            (no ring)
SInv    .            (no ring)
Will    .....        (no ring)
Stlth   ++           (no ring)
HPRegen 0.25/turn    (no ring)
MPRegen 0.09/turn    (no ring)
                     (no ring)

%: guardian spirit
@: mighty
A: almost no armour, amphibious, 8 rings, camouflage 1, gelatinous body 1,
(nimble swimmer 1), tentacles
a: no special abilities


You were on level 2 of the Dungeon.
You visited 1 branch of the dungeon, and saw 2 of its levels.

You collected 83 gold pieces.

Inventory:

Hand Weapons
 a - a +0 trident (weapon)
Armour
 b - a +0 buckler (worn)
Jewellery
 d - an amulet of guardian spirit (around mantle)
 j - a +4 ring of slaying
Scrolls
 f - a scroll of identify {unknown}
 g - a scroll of blinking {unknown}
 h - a scroll of revelation {unknown}
 i - a scroll of enchant weapon {unknown}
Potions
 e - a potion of heal wounds {unknown}


   Skills:
 + Level 3.7 Fighting
 + Level 2.9 Polearms
 + Level 3.7 Dodging
 + Level 3.7 Shields


You had 3 spell levels left.
You didn't know any spells.
Your spell library contained the following spells:

 Spells                   Type           Power      Damage    Failure   Level
 Magic Dart               Conj           0%         1d3       43%         1
 Searing Ray              Conj           0%         2d4       58%         2
 Call Canine Familiar     Summ           0%         N/A       82%         3
 Fugue of the Fallen      Necr           0%         N/A       82%         3
 Ozocubu's Armour         Ice            0%         N/A       82%         3
 Sigil of Binding         Hex            0%         N/A       82%         3
 Dimensional Bullseye     Hex/Tloc       0%         N/A       99%         4
 Fulminant Prism          Conj/Alch      0%         3d5       99%         4
 Manifold Assault         Tloc           0%         N/A       99%         4


Dungeon Overview and Level Annotations

Branches:
Dungeon (2/15)

Altars:

Shops:
D:1 ?

Annotations:
D:2 Robin


Innate Abilities, Weirdness & Mutations

You cannot wear most types of armour.
You are amphibious.
You can wear up to eight rings at the same time.
Your skin changes colour to match your surroundings (Stealth+).
Your rubbery body absorbs attacks. (AC +1, EV +1)
((You are camouflaged when in or above water. (Stealth+)))
You have tentacles for arms and can constrict up to eight enemies at once.


Message History

Press: ? - help, Dir - move target, f - hobgoblin
Aim: a hobgoblin (heavily wounded, strong, about 44% to evade your +0 trident)
You closely miss the hobgoblin. You grab the hobgoblin.
The hobgoblin is heavily wounded.
You constrict the hobgoblin.
You kill the hobgoblin!
The goblin no longer looks unusually strong.
Reach: a) +0 trident
Press: ? - help, Dir - move target, f - goblin
Aim: a goblin, wielding a +0 dagger (about 53% to evade your +0 trident)
You closely miss the goblin. You grab the goblin. You squeeze the goblin.
You kill the goblin!
Robin throws the goblin at you!
* * * LOW HITPOINT WARNING * * *
The goblin hits you with a +0 club.
* * * LOW HITPOINT WARNING * * *
Reach: a) +0 trident
Press: ? - help, Dir - move target, f - goblin
Aim: a goblin, wielding a +0 club (about 53% to evade your +0 trident)
You puncture the goblin!
You kill the goblin!
Robin throws the goblin at you!
* * * LOW HITPOINT WARNING * * *
The goblin completely misses you.
Reach: a) +0 trident
Press: ? - help, Dir - move target, f - goblin
Aim: a goblin, wielding a +0 club (strong, about 53% to evade your +0 trident)
You barely miss the goblin. Your grab misses the goblin.
The goblin no longer looks unusually strong.
Robin roars a battlecry!
The goblin goes into a battle-frenzy!
The goblin closely misses you.
You hear a shout!
Reach: a) +0 trident
Press: ? - help, Dir - move target, f/p - goblin
Aim: a goblin, wielding a +0 club (strong, about 53% to evade your +0 trident)
You miss the goblin. Your grab misses the goblin.
You hear a shout!
The goblin hits you with a +0 club.
You die...

#... #.# #.... #.###### #....#
#.#....##...... #.#.#....g....#
#.#.#..))....## #.#.#..g......#
## #.#.#g.......## .#
#@#.......#.## .# #g##...#.## #
.####### #g....#### .##....#
#####g...#.#### ..#....#
#......#....#.## # #......# #
#.###.##.......## ## ####.###
#.#...#....#......# #.
####...#####.###.######.....## ##
.......................>.....###.


You could see Robin and 2 goblins.

Vanquished Creatures
  Natasha (thrice) (D:2)
  4 endoplasms (D:1)
  7 goblins
  3 hobgoblins (D:2)
  3 jackals (D:1)
  A quokka (D:1)
  2 ball pythons (D:1)
  2 bats (D:1)
  A frilled lizard (D:1)
  4 kobolds
  6 rats
36 creatures vanquished.

Notes
Turn   | Place    | Note
-------+----------+-------------------------------------------
     0 | D:1      | BeKind the Octopode Fighter began the quest for the Orb.
     0 | D:1      | Reached XP level 1. HP: 16/16 MP: 1/1
   141 | D:1      | Found Anwon's Magic Scroll Shop.
   341 | D:1      | Reached XP level 2. HP: 21/21 MP: 2/2
   740 | D:2      | Noticed Natasha
   741 | D:2      | Killed Natasha
   742 | D:2      | Reached XP level 3. HP: 26/26 MP: 3/3
   761 | D:2      | Noticed Natasha
   765 | D:2      | Killed Natasha
   766 | D:2      | Reached XP level 4. HP: 21/31 MP: 4/4
   856 | D:2      | Noticed Natasha
   864 | D:2      | Killed Natasha
  1114 | D:2      | Noticed Robin
  1134 | D:2      | Slain by a goblin

Illustrated notes

Levels and vault maps discovered:
D:1:      lemuel_arrival_hallway, layout_basic, serial_shops, shop
D:2:      layout_basic, nicolae_figureground_sparkle, uniq_robin, uniq_natasha

Action                     |  1- 3 |  4- 6 || total
---------------------------+-------+-------++-------
  Melee: Trident           |    50 |    20 ||    70
         Constrict         |     9 |     9 ||    18
         Tentacles         |     3 |     4 ||     7
    Use: Potion            |       |     1 ||     1
   Stab: Sleeping          |     2 |     1 ||     3
 Armour: Skin              |     9 |    15 ||    24
  Dodge: Dodged            |    28 |     4 ||    32
  Block: Buckler           |     5 |     1 ||     6

Table legend: (Time is in decaauts)
 A = Elapsed time spent in this place.
 B = Non-inter-level travel time spent in this place.
 C = Inter-level travel time spent in this place.
 D = Time resting spent in this place.
 E = Time spent auto-exploring this place.
 F = Levels seen in this place.
 G = Mean time per level.
                   A        B        C        D        E       F      G
               +--------+--------+--------+--------+--------+-----+--------+
         Total |   1148 |   1138 |     10 |      0 |    952 |   2 |  574.0 |
       Dungeon |   1148 |   1138 |     10 |      0 |    952 |   2 |  574.0 |
               +--------+--------+--------+--------+--------+-----+--------+

Top non-repeatable levels by time:
     D:1: 693 daAuts
     D:2: 455 daAuts
